 Dungeon Crawl Stone Soup version 0.29-a0-266-gf56f883ddd (webtiles) character file.

Game seed: 12722006557923144145

8 spaghetti the Skirmisher (level 2, -2/33 HPs)
             Began as an Ogre Chaos Knight on Mar 6, 2022.
             Was a Plaything of Xom.
             Slain by a hobgoblin (4 damage)
             ... on level 2 of the Dungeon.
             The game lasted 00:00:15 (100 turns).

spaghetti the Skirmisher (Ogre Chaos Knight)         Turns: 100, Time: 00:00:16

Health: -2/33      AC:  5    Str: 15    XL:     2   Next: 8%
Magic:  2/2        EV:  9    Int: 13    God:    Xom [..*...]
Gold:   0          SH:  0    Dex:  8    Spells: 1/1 levels left

rFire   . . .      SeeInvis .   a - +0 mace (chaos) {mace}
rCold   . . .      Faith    .   (no shield)
rNeg    . . .      Spirit   .   b - +2 robe
rPois   .          Reflect  .   (helmet restricted)
rElec   .          Harm     .   (no cloak)
rCorr   .          Rampage  .   (gloves unavailable)
Will    .....                   (boots unavailable)
Stlth   +.........              (no amulet)
HPRegen 0.11/turn               (no ring)
MPRegen 0.08/turn               (no ring)

@: no status effects
A: large, unfitting armour, tough skin 1
a: Renounce Religion


You were on level 2 of the Dungeon.
You worshipped Xom.
You were a toy of Xom.
You visited 1 branch of the dungeon, and saw 2 of its levels.


Innate Abilities, Weirdness & Mutations

You are too large for most types of armour.
You have tough skin. (AC +1)


   Skills:
 + Level 4.8 Fighting
 - Level 2.6 Maces & Flails
 - Level 2.1 Dodging


You had one spell level left.
You didn't know any spells.
Your spell library was empty.

Inventory:

Hand Weapons
 a - a +0 mace of chaos (weapon) {mace}
Missiles
 d - 5 stones {throwing}
Armour
 b - a +2 robe (worn)
Miscellaneous
 c - a piece from Xom's chessboard (15/15) (quivered)

Dungeon Overview and Level Annotations

Branches:
Dungeon (2/15)

Altars:

...# ..
..####...
.....#..
#.#.<..
#.#..#
###...# #
#..gS.##....
#<@....#
##........
..######.
####


You could see an adder and a hobgoblin.


Message History

The jackal bites you but does no damage.
The endoplasm closely misses you. The hobgoblin closely misses you.
The rat bites you but does no damage.
You closely miss the hobgoblin. The bat hits you but does no damage.
The jackal closely misses you. The endoplasm freezes you.
You are frozen.
The hobgoblin hits you. The rat bites you.
The jackal bites you but does no damage. 😮 HP[-5]
You take 5 damage, and now have 20/33 hp.
You are too injured to fight recklessly!
You are too injured to fight recklessly!
You are too injured to fight recklessly!
You are too injured to fight recklessly!
You are too injured to fight recklessly!
You are too injured to fight recklessly!
You are too injured to fight recklessly!
You are too injured to fight recklessly!
You are too injured to fight recklessly!
You are too injured to fight recklessly!
You are too injured to fight recklessly!
You are too injured to fight recklessly!
You are too injured to fight recklessly!
You are too injured to fight recklessly!
You are too injured to fight recklessly!
You are too injured to fight recklessly!
You are too injured to fight recklessly!
Unknown command.
You hit the bat but do no damage. The bat hits you but does no damage.
The jackal bites you but does no damage.
The hobgoblin closely misses you. The rat barely misses you.
The endoplasm freezes you.
You are frozen.
The bat hits you but does no damage. 😮 HP[-2]
You take 2 damage, and now have 18/33 hp.
The rat attacks as you move away! The rat bites you but does no damage.
The bat closely misses you. The hobgoblin hits you.
* * * LOW HITPOINT WARNING * * *
The jackal barely misses you. 😨 HP[-4]
You take 4 damage, and now have 14/33 hp.
The jackal attacks as you move away! The jackal bites you.
* * * LOW HITPOINT WARNING * * *
The hobgoblin barely misses you. 😨 HP[-1]
You take 1 damage, and now have 13/33 hp.
The endoplasm attacks as you move away! The endoplasm barely misses you.
The bat barely misses you. The rat bites you but does no damage.
There is a stone staircase leading down here.
The bat hits you but does no damage. The bat closely misses you.
The endoplasm hits you but does no damage.
The rat bites you but does no damage.
You climb downwards.
Found an escape hatch in the ceiling.
There is a stone staircase leading up here.
Unknown command.
Unknown command.
You are too injured to fight recklessly!
You are too injured to fight recklessly!
You are too injured to fight recklessly!
You hit the rat.
You kill the rat!
The endoplasm freezes you.
You are frozen.
* * * LOW HITPOINT WARNING * * *
The hobgoblin hits you but does no damage.
The endoplasm freezes you.
You are frozen.
* * * LOW HITPOINT WARNING * * *
😱 HP[-6]
You take 6 damage, and now have 7/33 hp.
An adder comes into view.
The hobgoblin closely misses you.
The endoplasm closely misses you. 😱 HP[+1]
The adder hisses angrily.
You hit the endoplasm but do no damage. You drain the endoplasm.
The hobgoblin hits you but does no damage.
The endoplasm closely misses you.
You hit the endoplasm but do no damage. The hobgoblin closely misses you.
The endoplasm hits you.
* * * LOW HITPOINT WARNING * * *
😱 HP[-1]
You take 1 damage, and now have 7/33 hp.
You closely miss the hobgoblin. The hobgoblin closely misses you.
The endoplasm freezes you.
You are frozen.
* * * LOW HITPOINT WARNING * * *
The hobgoblin hits you but does no damage. 😱 HP[-4]
You take 4 damage, and now have 3/33 hp.
You hit the endoplasm but do no damage. The endoplasm hits you.
* * * LOW HITPOINT WARNING * * *
The hobgoblin hits you but does no damage.
The endoplasm hits you but does no damage. 😱 HP[-1]
You take 1 damage, and now have 2/33 hp.
You thump the endoplasm!
You kill the endoplasm!
The hobgoblin hits you.
You die...

Action                   || total
-------------------------++-------
Melee: Mace              ||    31
Armor: Robe              ||    39
Dodge: Dodged            ||    40

Levels and vault maps discovered:
D:1:      dpeg_arrival_water_altar, layout_rooms, minmay_unequal
D:2:      layout_basic, ebering_ecumenical_altar_sacrificial

Notes
Turn   | Place    | Note
-------+----------+-------------------------------------------
     0 | D:1      | spaghetti the Ogre Chaos Knight began the quest for the
                  | Orb.
     0 | D:1      | Reached XP level 1. HP: 24/24 MP: 1/1
     0 | D:1      | magus.rc [v1.9.6]
    86 | D:1      | Reached XP level 2. HP: 25/33 MP: 2/2
    94 | D:2      | HP: 8/33 [frozen (5)]
    98 | D:2      | HP: 3/33 [frozen (4)]
   100 | D:2      | Slain by a hobgoblin

Vanquished Creatures
  An endoplasm (D:2)
  2 goblins (D:1)
  A kobold (D:1)
  A quokka (D:1)
  A bat (D:1)
  3 rats
9 creatures vanquished.

Table legend:
 A = Non-vault XP
 B = Vault XP
 C = Vault XP percentage of total XP
 D = Non-vault monster count
 E = Vault monster count
 F = Vault count percentage of total count
                 A         B        C        D         E       F
            +---------+---------+-------+---------+---------+-------
      Total |      14 |       0 |   0.0 |       9 |       0 |   0.0
            +---------+---------+-------+---------+---------+-------
        D:1 |      11 |       0 |   0.0 |       7 |       0 |   0.0
        D:2 |       3 |       0 |   0.0 |       2 |       0 |   0.0
            +---------+---------+-------+---------+---------+-------

Illustrated notes

Table legend:
 A = Kills in this place as a percentage of kills in entire the game.
 B = Kills by you in this place as a percentage of kills by you in the entire game.
 C = Kills by friends in this place as a percentage of kills by friends in the entire game.
 D = Other kills in this place as a percentage of other kills in the entire game.
 E = Experience gained in this place as a percentage of experience gained in the entire game.
 F = Experience gained in this place divided by the number of levels of this place that you have seen.
                   A       B       C       D       E      F
               +-------+-------+-------+-------+-------+----------------------
         Total | 100.0 | 100.0 |   N/A |   N/A | 100.0 |   7.0
       Dungeon | 100.0 | 100.0 |   N/A |   N/A | 100.0 |   7.0
               +-------+-------+-------+-------+-------+----------------------

Table legend: (Time is in decaauts)
 A = Elapsed time spent in this place.
 B = Non-inter-level travel time spent in this place.
 C = Inter-level travel time spent in this place.
 D = Time resting spent in this place.
 E = Time spent auto-exploring this place.
 F = Levels seen in this place.
 G = Mean time per level.
                   A        B        C        D        E       F      G
               +--------+--------+--------+--------+--------+-----+--------+
         Total |    107 |    107 |      0 |      0 |     50 |   2 |   53.5 |
       Dungeon |    107 |    107 |      0 |      0 |     50 |   2 |   53.5 |
               +--------+--------+--------+--------+--------+-----+--------+

Top non-repeatable levels by time:
     D:1: 99 daAuts
     D:2: 8 daAuts
